 Dungeon Crawl Stone Soup version 0.20-a0-507-gc86f373 (webtiles) character file.

20856 Dharzhak the Basher (level 12, -1/95 HPs)
             Began as a Demonspawn Gladiator on Jan 21, 2017.
             Was an Initiate of Gozag.
             Killed by divine providence
             ... invoked by a sphinx
              (11 damage)
             ... on level 12 of the Dungeon.
             The game lasted 00:42:46 (15236 turns).

Dharzhak the Basher (Demonspawn Gladiator)         Turns: 15236, Time: 00:42:47

Health: -1/95      AC: 20    Str: 23    XL:     12   Next: 49%
Magic:  12/12      EV:  9    Int:  9    God:    Gozag
Gold:   2137       SH:  0    Dex: 16    Spells: 11/11 levels left

rFire    . . .     SeeInvis +   s - +5 dire flail (crush)
rCold    . . .     Gourm    .   L - +0 plate armour
rNeg     + . .     Faith    .   (shield currently unavailable)
rPois    .         Spirit   .   (helmet unavailable)
rElec    .         Reflect  .   P - +0 cloak
rCorr    .         Harm     .   k - +2 pair of gloves
MR       .....                  N - +0 pair of boots of the World {*Slow rN+ SInv Stlth+}
Stlth    ..........             (no amulet)
Regen    0.3/turn               E - +2 ring of dexterity
                                V - +2 ring of strength

@: slowed, very slow
A: antennae 3, demonic guardian 2, spiny 2
a: Potion Petition, Call Merchant, Bribe Branch, Renounce Religion


You were on level 12 of the Dungeon.
You worshipped Gozag.
Gozag was most pleased with you.
You were not hungry.

You visited 2 branches of the dungeon, and saw 13 of its levels.

You collected 2232 gold pieces.
You paid 95 gold pieces to Gozag.

Inventory:

Hand Weapons
 s - a +5 dire flail of crushing (weapon)
 I - a +0 battleaxe
 X - a +0 broad axe
Missiles
 d - 4 throwing nets
 j - 13 tomahawks (quivered)
 x - 3 javelins
Armour
 k - a +2 pair of gloves (worn)
 L - a +0 plate armour (worn)
 N - the +0 pair of boots of the World (worn) {*Slow rN+ SInv Stlth+}
   (You found it on level 9 of the Dungeon)

   It protects you from negative energy.
   It lets you see invisible.
   It may slow you when you take damage.
   It makes you more stealthy.
 P - a +0 cloak (worn)
Jewellery
 y - an uncursed ring of protection from fire
 E - a +2 ring of dexterity (right hand)
 O - an uncursed ring of resist corrosion
 V - a +2 ring of strength (left hand)
Wands
 m - a wand of lightning (6/15)
 C - a wand of random effects (26/48)
 D - a wand of confusion (30/48)
 J - a wand of polymorph (8/24)
 M - a wand of acid (4/15)
 Q - a wand of acid (10/15)
 S - a wand of iceblast (1/15)
 T - a wand of confusion (23/48)
Scrolls
 b - 3 scrolls of blinking
 c - a scroll of recharging
 e - 5 scrolls of teleportation
 g - 3 scrolls of magic mapping
 i - 4 scrolls of fog
 r - 2 scrolls of remove curse
 u - 2 scrolls of immolation
 B - a scroll of amnesia
 U - a scroll of enchant armour
Potions
 h - a potion of mutation {unknown}
 n - 4 potions of heal wounds
 o - 2 potions of flight {unknown}
 p - 3 potions of berserk rage {unknown}
 q - 7 potions of curing
 t - 7 potions of lignification
 v - 2 potions of agility {unknown}
 w - a potion of haste {unknown}
 A - 2 potions of cure mutation {unknown}
 F - 2 potions of cancellation {unknown}
 G - a potion of degeneration {unknown}
 K - a potion of invisibility
 R - a potion of resistance {unknown}
 W - a potion of might {unknown}
Books
 l - a book of Changes

   Spells                             Type                      Level
   a - Beastly Appendage              Transmutation                1
   b - Sticks to Snakes               Transmutation                2
   c - Spider Form                    Transmutation/Poison         3
   d - Ice Form                       Ice/Transmutation            4
   e - Blade Hands                    Transmutation                5
 H - a book of Cantrips

   Spells                             Type                      Level
   a - Confusing Touch                Hexes                        1
   b - Animate Skeleton               Necromancy                   1
   c - Summon Small Mammal            Summoning                    1
   d - Apportation                    Translocation                1
Comestibles
 f - 11 bread rations
 z - 5 meat rations


   Skills:
 + Level 9.3 Fighting
 + Level 7.7(10.6) Axes
 + Level 11.5(12.3) Maces & Flails
 + Level 3.0 Throwing
 + Level 9.6 Armour
 + Level 4.1 Dodging
 + Level 3.2 Stealth


You had 11 spell levels left.
You didn't know any spells.

Dungeon Overview and Level Annotations

Branches:
Dungeon (12/15)            Temple (1/1) D:7            Lair (0/6) D:10
    Orc (0/2) D:11

Altars:
Ashenzari
Cheibriados
Dithmenos
Elyvilon
Fedhas
Gozag
Hepliaklqana
Kikubaaqudgha
Makhleb
Nemelex Xobeh
Okawaru
Qazlal
Ru
Sif Muna
Trog
Uskayaw
Vehumet
Xom
Yredelemnul
Zin
The Shining One

Shops:
D:5 }


Innate Abilities, Weirdness & Mutations

You have a pair of large antennae on your head. (SInv)
A demonic guardian rushes to your aid.
You are mostly covered in sharp spines.


Message History

The sphinx completely misses you.
The orc wizard gestures wildly while chanting.
The orc wizard seems to speed up.
Unknown command.
You sock the sphinx!
The sphinx is almost dead.
You feel less confused. The sphinx is struck by your spines.
The sphinx hits you! The sphinx hits you.
* * * LOW HITPOINT WARNING * * *
The sphinx hits you.
* * * LOW HITPOINT WARNING * * *
You hit the sphinx.
The sphinx is almost dead.
The sphinx casts a spell.
Something smites you!
* * * LOW HITPOINT WARNING * * *
The sphinx mumbles some strange words.
Something smites you!
You die...
Your body crumbles into a pile of gold.

...............###..(.## #..#
................#...(..# #..#
.########.......#......####..####
##......##########(...##.........
#.######.##)....(.(..##..........
.##....##..################..####
##.####.####)(.(....## #..#
#.##..##.##.########.## #..#
.##....##..##cmH@3.##.## #..#
.#.).)..####o######.##.## #..#
.#..[)..###{##T...##.##.###..#
.##.....##.##.####.##(##.#####
#.##..#.#.##.## ##.##.#.#
##.####(#.#.## ##.#.#.#
.##.....#{#{# {#H#.#.#
#.#####.#.##....(:.#{#.#.#
##....#.##.###....##{#.#.#


You could see a sphinx, a merfolk shaped shifter, a centaur, an orc wizard and a
friendly sixfirhy.

Vanquished Creatures
  A centaur warrior (D:12)
  3 two-headed ogres
  The ghost of UltimateCarl the Carver, a novice HuSk of Cheibriados (D:9)
  An unseen horror (D:12)
  Pikel (D:6)
  2 ugly things
  A deep elf mage (D:12)
  2 manticores (D:12)
  Joseph (D:8)
  A gargoyle (D:12)
  Maurice (D:9)
  A kobold demonologist (D:12)
  A freezing wraith (D:12)
  Prince Ribbit (D:7)
  Grinder (D:4)
  3 trolls
  5 hippogriffs
  3 wyverns
  2 wraiths
  A steam dragon (D:11)
  A water moccasin (D:9)
  A hornet zombie (D:10)
  A black bear (D:9)
  A slave (D:6)
  4 orc warriors
  7 ice beasts
  3 phantoms
  9 ogres
  3 centaurs
  10 bullfrogs
  A wyvern zombie (D:12)
  A scorpion (D:12)
  15 killer bees
  A wight (D:12)
  4 howler monkeys
  11 crimson imps
  4 centaur zombies
  7 hounds
  2 jellies
  5 centaur skeletons
  5 orc priests
  4 orc wizards
  4 iguanas
  2 bullfrog skeletons (D:10)
  Natasha (thrice) (D:2)
  9 worker ants
  Terence (D:2)
  A hound zombie (D:8)
  Robin (D:2)
  2 howler monkey skeletons
  2 worker ant zombies
  6 gnolls
  13 adders
  6 shadow imps
  2 oozes (D:1)
  3 adder zombies
  3 adder skeletons
  5 worms
  3 dart slugs
  6 leopard geckos
  30 orcs
  2 ball pythons
  2 giant cockroaches
  17 hobgoblins
  9 jackals
  2 quokkas
  9 bats
  9 frilled lizards
  12 goblins
  12 kobolds
  2 leopard gecko skeletons
  A quokka skeleton (D:9)
  A quokka zombie (D:7)
  7 rats
320 creatures vanquished.

Vanquished Creatures (collateral kills)
  Erolcha (D:9)
  The ghost of lunkers the Grappler, a novice TrFi of Hepliaklqana (D:12)
  2 centaur warriors (D:12)
  A two-headed ogre (D:9)
  A deep elf knight (D:12)
  2 cyclopes (D:12)
  2 ugly things (D:12)
  Psyche (D:8)
  A hornet (D:7)
  Sigmund (D:3)
  Edmund (D:4)
  An ogre (D:5)
  4 centaurs (D:12)
  A bullfrog (D:12)
  4 wights (D:12)
  4 killer bees
  A howler monkey (D:5)
  A jelly (D:12)
  An orc priest (D:11)
  An iguana (D:5)
  A worker ant (D:4)
  A gnoll (D:3)
  A giant cockroach (D:6)
  2 goblins (D:2)
37 creatures vanquished.

Grand Total: 357 creatures vanquished

Notes
Turn   | Place    | Note
-------+----------+-------------------------------------------
     0 | D:1      | Dharzhak the Demonspawn Gladiator began the quest for the Orb.
     0 | D:1      | Reached XP level 1. HP: 16/16 MP: 1/1
   382 | D:1      | Gained mutation: You are partially covered in sharp spines. [demonic ancestry]
   382 | D:1      | Reached XP level 2. HP: 22/22 MP: 2/2
   681 | D:1      | Gained mutation: A weak demonic guardian rushes to your aid. [demonic ancestry]
   681 | D:1      | Reached XP level 3. HP: 28/28 MP: 3/3
  1020 | D:2      | Found a sparkling altar of Nemelex Xobeh.
  1020 | D:2      | Found a glowing golden altar of the Shining One.
  1020 | D:2      | Found a shimmering altar of Xom.
  1020 | D:2      | Found a white marble altar of Elyvilon.
  1020 | D:2      | Found an ancient bone altar of Kikubaaqudgha.
  1021 | D:2      | Found a bloodstained altar of Trog.
  1152 | D:2      | Noticed Robin
  1174 | D:2      | Killed Robin
  1174 | D:2      | Gained mutation: You have a pair of small antennae on your head. [demonic ancestry]
  1174 | D:2      | Reached XP level 4. HP: 16/34 MP: 4/4
  1430 | D:2      | Found a shattered altar of Ashenzari.
  1496 | D:2      | Noticed Natasha
  1502 | D:2      | Killed Natasha
  1767 | D:2      | Noticed Terence
  1780 | D:2      | Killed Terence
  1780 | D:2      | Reached skill level 1 in Armour
  1961 | D:2      | Reached XP level 5. HP: 40/40 MP: 5/5
  1982 | D:2      | Reached skill level 1 in Stealth
  2178 | D:2      | Noticed Natasha
  2185 | D:2      | Killed Natasha
  2274 | D:2      | Found a shimmering altar of Xom.
  2350 | D:2      | Noticed Natasha
  2357 | D:2      | Killed Natasha
  2965 | D:3      | Gained mutation: You have a pair of antennae on your head. [demonic ancestry]
  2965 | D:3      | Reached XP level 6. HP: 47/47 MP: 6/6
  3578 | D:3      | Noticed Sigmund
  3584 | D:3      | Killed Sigmund
  3958 | D:4      | Noticed Grinder
  3968 | D:4      | Paralysed by Grinder for 6 turns
  3977 | D:4      | Killed Grinder
  3977 | D:4      | Reached skill level 5 in Axes
  3977 | D:4      | Reached XP level 7. HP: 7/52 MP: 7/7
  4401 | D:4      | Noticed Edmund
  4429 | D:4      | HP: 2/52 [Edmund/dire flail of crushing (3)]
  4439 | D:4      | Killed Edmund
  4777 | D:4      | Found a bloodstained altar of Trog.
  5100 | D:5      | Entered Level 5 of the Dungeon
  5290 | D:5      | Gained mutation: A demonic guardian rushes to your aid. [demonic ancestry]
  5290 | D:5      | Reached XP level 8. HP: 58/60 MP: 8/8
  5314 | D:5      | HP: 3/60 [centaur/arrow (3)]
  5322 | D:5      | HP: 1/60 [centaur/arrow (4)]
  5771 | D:5      | Found Doteoh's Gadget Emporium.
  5776 | D:5      | Reached skill level 1 in Maces & Flails
  5903 | D:5      | Reached skill level 5 in Armour
  6439 | D:6      | Reached skill level 2 in Maces & Flails
  7038 | D:6      | Reached skill level 3 in Maces & Flails
  7040 | D:6      | Gained mutation: You have a pair of large antennae on your head. (SInv) [demonic ancestry]
  7040 | D:6      | Reached XP level 9. HP: 63/66 MP: 9/9
  7076 | D:6      | Noticed Pikel
  7093 | D:6      | Killed Pikel
  7254 | D:6      | Reached skill level 5 in Fighting
  7589 | D:7      | Noticed Prince Ribbit
  7603 | D:7      | Killed Prince Ribbit
  7619 | D:7      | Found a staircase to the Ecumenical Temple.
  7626 | Temple   | Entered the Ecumenical Temple
  7667 | Temple   | Became a worshipper of Gozag Ym Sagoz the Greedy
  8450 | D:8      | Reached skill level 4 in Maces & Flails
  8549 | D:8      | Noticed Joseph
  8710 | D:8      | Killed Joseph
  8802 | D:8      | Gained mutation: You are mostly covered in sharp spines. [demonic ancestry]
  8802 | D:8      | Reached XP level 10. HP: 76/76 MP: 10/10
  8830 | D:8      | Reached skill level 5 in Maces & Flails
  9228 | D:8      | Noticed a two-headed ogre
  9233 | D:8      | Killed a two-headed ogre
  9233 | D:8      | Reached skill level 6 in Maces & Flails
  9277 | D:8      | Noticed Psyche
  9280 | D:8      | Killed Psyche
  9821 | D:9      | Noticed Erolcha
  9831 | D:9      | Killed Erolcha
  9831 | D:9      | Reached skill level 7 in Maces & Flails
  9909 | D:9      | Noticed a two-headed ogre
  9916 | D:9      | Got a pair of slimy boots
  9934 | D:9      | Killed a two-headed ogre
 10107 | D:9      | Identified the cursed +0 pair of boots of the World {*Slow rN+ SInv Stlth+} (You found it on level 9 of the Dungeon)
 10231 | D:9      | Noticed UltimateCarl's ghost (novice HuSk)
 10304 | D:9      | Reached skill level 8 in Maces & Flails
 10346 | D:9      | Killed UltimateCarl's ghost
 10347 | D:9      | Reached XP level 11. HP: 77/83 MP: 11/11
 10585 | D:9      | Noticed Maurice
 10595 | D:9      | Killed Maurice
 11079 | D:10     | Entered Level 10 of the Dungeon
 11600 | D:10     | Found a staircase to the Lair.
 12280 | D:11     | Noticed a two-headed ogre
 12290 | D:11     | Killed a two-headed ogre
 12290 | D:11     | Reached skill level 9 in Maces & Flails
 12502 | D:11     | Found a staircase to the Orcish Mines.
 12536 | D:11     | Noticed a green ugly thing
 12543 | D:11     | Killed a green ugly thing
 13091 | D:12     | Noticed a centaur warrior
 13095 | D:12     | Killed a centaur warrior
 13231 | D:12     | Noticed lunkers's ghost (novice TrFi)
 13238 | D:12     | Killed lunkers's ghost
 13269 | D:12     | Noticed an unseen horror
 13278 | D:12     | Killed an unseen horror
 13278 | D:12     | Reached skill level 10 in Maces & Flails
 13385 | D:12     | Noticed a two-headed ogre
 13397 | D:12     | Killed a two-headed ogre
 13780 | D:12     | Noticed a cyan ugly thing
 13786 | D:12     | Reached XP level 12. HP: 94/94 MP: 12/12
 14327 | D:12     | Reached skill level 11 in Maces & Flails
 14531 | D:12     | Noticed a centaur warrior
 14539 | D:12     | Killed a centaur warrior
 14610 | D:12     | Noticed a centaur warrior
 14622 | D:12     | Killed a centaur warrior
 15165 | D:12     | Noticed a sphinx
 15166 | D:12     | Noticed a frost giant
 15227 | D:12     | Paralysed by a sphinx for 6 turns
 15236 | D:12     | Killed from afar by a sphinx

Vault maps used:
D:1:      scummos_arrival_simple_crosswalls, serial_bayou_pond_c
D:2:      grunt_temple_overflow_open, overflow_temple_1_default,
          xom_teletrap_fun, uniq_terence, uniq_robin, uniq_natasha
D:3:      first_bread, uniq_sigmund
D:4:      trog_book, uniq_edmund, uniq_grinder
D:5:      serial_shops, nicolae_shop_crystal
D:6:      uniq_pikel
D:7:      uniq_prince_ribbit1
D:8:      grunt_ogre_cave, uniq_joseph, uniq_psyche
D:9:      uniq_erolcha, uniq_maurice
D:10:     lair_entry_dummy
D:11:     orc_0_dummy, grunt_ministairs_11, minivault_23,
          hangedman_decor_clover_reticule, minivault_23
D:12:     kennysheep_snake
Temple:   minmay_temple_curvy_branch

Skill      XL: |  1  2  3  4  5  6  7  8  9 10 11 12 |
---------------+-------------------------------------+-----
Axes           | 3 4 5 6 7 |  7.7
Dodging        | 3 4 |  4.1
Armour         | 1 2 4 5 6 7 9 |  9.6
Stealth        | 1 2 3 |  3.2
Fighting       | 3 4 5 6 8 9 |  9.3
Throwing       | 2 3 |  3.0
Maces & Flails | 3 4 8 10 11 | 11.5

Action                   |  1- 3 |  4- 6 |  7- 9 | 10-12 || total
-------------------------+-------+-------+-------+-------++-------
Melee: War axe           |    85 |   147 |    84 |       ||   316
       Dire flail        |       |       |   129 |   360 ||   489
       Battleaxe         |       |       |       |     9 ||     9
Throw: Tomahawk          |       |     4 |     8 |       ||    12
       Throwing net      |       |       |     1 |       ||     1
Invok: Potion Petition   |       |       |       |     1 ||     1
  Use: Scroll            |       |     9 |     3 |     7 ||    19
 Stab: Distracted        |     1 |     1 |     1 |     1 ||     4
  Eat: Chunk             |     1 |     4 |    11 |       ||    16
       Bread ration      |       |     1 |       |     1 ||     2
       Royal jelly       |       |       |     2 |     2 ||     4
       Fruit             |       |       |     1 |     8 ||     9
       Meat ration       |       |       |       |     1 ||     1
Armor: Leather armour    |     5 |       |       |       ||     5
       Ring mail         |    23 |    17 |       |       ||    40
       Chain mail        |       |    25 |   123 |    23 ||   171
       Skin              |       |       |     3 |       ||     3
       Plate armour      |       |       |       |   218 ||   218
Dodge: Dodged            |    62 |    76 |   106 |   163 ||   407
